Map: Data-C

Players

Steadfast

  • Race: Zerg Zerg
  • Spawn Location: 9:00

Spirit - Winner!

  • Race: Terran Terran
  • Spawn Location: 3:00

Event: DreamHack SC2 Masters 2022 Atlanta (Offline)

VOD

Have the link to the VOD?

Description

Time

  • Played on: Nov. 18, 2022, 10:16 a.m.
  • Length: 3:28

All games in this series

Show
View Real Time Build Order
Export as new Build Order

Steadfast Zerg 

Build Orders: Hatch First 

Get SALT Encoding   

  12  0:00  Drone  
  13  0:13  Overlord  
  13  0:16  Drone  
  14  0:31  Drone x2  
  16  0:48  Hatchery  
  15  0:52  Drone  
  15  0:55  Drone  
  17  0:59  Drone  
  18  1:10  Extractor  
  17  1:13  Spawning Pool  
  17  1:18  Drone  
  17  1:20  Drone  
  18  1:34  Drone  
  19  1:45  Drone  
  20  2:02  Queen x2  
  20  2:03  Zergling x4  
  20  2:04  Zergling x2  
  27  2:12  Zergling x2  
  27  2:13  Overlord  
  27  2:31  Zergling x4  
  27  2:39  Zergling x2  
  24  3:04  Zergling x4  
Show
View Real Time Build Order
Export as new Build Order

Spirit Terran - Winner!

Build Orders:  

Get SALT Encoding   

  12  0:00  SCV  
  13  0:12  SCV  
  14  0:21  Supply Depot  
  14  0:24  SCV  
  15  0:43  Barracks  
  15  0:52  Barracks  
  15  0:55  SCV  
  16  1:07  SCV  
  16  1:08  Refinery  
  17  1:19  SCV  
  18  1:34  Marine  
  18  1:36  Orbital Command  
  19  1:42  Supply Depot  
  19  1:43  Marine  
  20  1:51  Marine  
  21  2:02  SCV  
  21  2:04  Bunker, Marine  
  23  2:09  Marine  
  23  2:14  SCV  
  25  2:19  Factory  
  25  2:22  Marine  
  26  2:27  Marine  
  27  2:32  SCV  
  28  2:40  Marine  
  29  2:44  SCV  
  29  2:45  Marine  
  29  2:50  Supply Depot  
  31  3:01  Marine  
  31  3:11  SCV, Factory Reactor  
  31  3:12  Starport  
  31  3:22  Command Center  
Tags
 
Add a new tag
Caveats
  • Supply blocks, unpowered buildings, or Contaminate may cause inaccurate times.
  • Supply counts are checked every 10 seconds.